 Dungeon Crawl Stone Soup version 0.30.1-11-g7821555f0a (webtiles) character file.

Game seed: 263973225078364877

182 comborobin the Chopper (level 5, -4/45 HPs)
             Began as a Hill Orc Delver on Dec 23, 2023.
             Slain by an iguana (12 damage)
             ... on level 4 of the Dungeon.
             The game lasted 00:00:37 (544 turns).

comborobin the Chopper (Hill Orc Delver)             Turns: 544, Time: 00:00:37

Health: -4/45      AC:  3    Str: 17    XL:     5   Next: 61%
Magic:  5/5        EV: 11    Int: 10    God:
Gold:   14         SH:  0    Dex: 12    Spells: 4/4 levels left

rFire   . . .        a - +0 hand axe
rCold   . . .        (no shield)
rNeg    . . .        b - +0 leather armour
rPois   .            (no helmet)
rElec   .            (no cloak)
rCorr   .            (no gloves)
SInv    .            (no boots)
Will    .....        (no amulet)
Stlth   ++           (no ring)
HPRegen 0.27/turn    (no ring)
MPRegen 0.09/turn

%: no passive effects
@: no status effects
A: no striking features
a: no special abilities


You were on level 4 of the Dungeon.
You visited 1 branch of the dungeon, and saw 3 of its levels.

You collected 14 gold pieces.

Inventory:

Hand Weapons
 a - a +0 hand axe (weapon)
Armour
 b - a +0 leather armour (worn)
Wands
 g - a wand of digging (3)
 h - a wand of paralysis (2)
Scrolls
 c - a scroll of fog
 e - a scroll of fear
 i - a scroll of teleportation {unknown}
 j - a scroll of noise {unknown}
 k - a scroll of enchant weapon {unknown}
Potions
 f - a potion of haste


   Skills:
 - Level 3.6 Fighting
 + Level 7.5 Axes
 - Level 1.5 Dodging
 - Level 4.1 Stealth


You had 4 spell levels left.
You didn't know any spells.
Your spell library was empty.

Dungeon Overview and Level Annotations

Branches:
Dungeon (6/15)
 Temple: D:4-7

Altars:

Portals:
Ossuary: D:4


Message History

You hit the iguana.
The iguana is severely wounded.
The iguana misses you.
You hit the iguana but do no damage.
The iguana is severely wounded.
The iguana bites you.
You hit the iguana but do no damage.
The iguana is severely wounded.
The iguana bites you.
The gnoll hits you from afar with a +0 spear.
You barely miss the iguana.
The iguana is severely wounded.
The iguana misses you.
The gnoll hits you from afar with a +0 spear.
You barely miss the iguana.
The iguana is severely wounded.
You hit the jackal.
You kill the jackal!
The iguana bites you but does no damage.
The gnoll hits you from afar with a +0 spear.
You are too injured to fight recklessly!
You are too injured to fight recklessly!
You are too injured to fight recklessly!
You are too injured to fight recklessly!
You are too injured to fight recklessly!
You are too injured to fight recklessly!
You are too injured to fight recklessly!
You are too injured to fight recklessly!
You barely miss the iguana.
The iguana is severely wounded.
The iguana bites you. The gnoll closely misses you.
The iguana barely misses you. The gnoll hits you but does no damage.
A goblin comes into view. It is wielding a +0 club.
Found a sand-covered staircase.
The iguana hisses menacingly.
The iguana barely misses you. The gnoll closely misses you.
The iguana attacks as you move away! The iguana bites you!
* * * LOW HITPOINT WARNING * * *
The iguana attacks as you move away! The iguana bites you!
You die...

*******,.,,,#...#...(.......#..
*,..,,#...#..############
*,...,#...#.........,,,,,
*,....#...........##,,,,,
*,....g...........#*,***,
*,...###..........#*,***,
*,,,,,,#.g........#*,,,*,
*,****,#l##########***,** *,*
**,#@# *,,, ***,* #..!.#* ****
*,,,* #..#..*************
*,****#...8..,,,,**,,,,,*
*∩,,,...,....#**,**,***,*
****####8.∩.8.,,,**,* *,*
*.....##****,* *,***
#..8..#*,,,,,* *,,,,
*****,,,,***** *****


You could see an iguana and a gnoll.

Vanquished Creatures
  A water moccasin (D:6)
  2 iguanas (D:5)
  An adder (D:5)
  An ufetubus (D:5)
  A ball python (D:4)
  A jackal (D:4)
  A quokka (D:5)
8 creatures vanquished.

Notes
Turn   | Place    | Note
-------+----------+-------------------------------------------
     0 | D:5      | comborobin the Hill Orc Delver began the quest for the Orb.
     0 | D:5      | Reached XP level 1. HP: 19/19 MP: 1/1
     1 | D:6      | Noticed a water moccasin
    13 | D:6      | Killed a water moccasin
    14 | D:6      | Reached skill level 6 in Axes
    14 | D:6      | Reached XP level 2. HP: 26/26 MP: 2/2
    14 | D:6      | Reached XP level 3. HP: 31/31 MP: 3/3
    14 | D:6      | Reached XP level 4. HP: 39/39 MP: 4/4
   143 | D:5      | Reached XP level 5. HP: 41/45 MP: 5/5
   156 | D:5      | Reached skill level 7 in Axes
   541 | D:4      | Found a sand-covered staircase.
   544 | D:4      | Slain by an iguana

Illustrated notes

Levels and vault maps discovered:
D:4:      layout_basic, nicolae_ossuary_entry_monument, serial_shops, shop
D:5:      layout_loops_cross
D:6:      layout_gridville, kiku_gazebo_garden_becter, gammafunk_ghost_smash

Skill      XL: |  1  2  3  4  5 |
---------------+----------------+-----
Axes           | 6 7 |  7.5
Fighting       | |  3.6
Dodging        | |  1.5
Stealth        | |  4.1

Action                     |  1- 3 |  4- 6 || total
---------------------------+-------+-------++-------
  Melee: Hand axe          |     6 |    55 ||    61
  Evoke: Wand              |     1 |       ||     1
    Use: Scroll            |       |     1 ||     1
   Stab: Paralysed         |     6 |       ||     6
         Sleeping          |       |     1 ||     1
 Armour: Leather armour    |       |    11 ||    11
  Dodge: Dodged            |       |    38 ||    38
